 Dungeon Crawl Stone Soup version 0.28-a0-563-gf77a47075d (webtiles) character file.

Game seed: 11017582802759877183

47907 siradein the Nimble (level 14, -1/101 HPs)
             Began as a Djinni Gladiator on Sept 30, 2021.
             Was an Initiate of Gozag.
             Slain by a spriggan (24 damage)
             ... on level 6 of the Lair of Beasts.
             The game lasted 01:52:14 (35982 turns).

siradein the Nimble (Djinni Gladiator)             Turns: 35982, Time: 01:52:16

Health: -1/101     AC: 28    Str: 15    XL:     14   Next: 84%
Gold:   859        EV: 12    Int: 11    God:    Gozag SH: 14 Dex: 19

rFire   + + +      SeeInvis +   c - +0 staff of Battle
rCold   x . .      Faith    .   F - +2 buckler
rNeg    . . .      Spirit   .   w - +4 storm dragon scales
rPois   ∞          Reflect  +   t - +0 helmet of Fun and Games {Rampage Drain Int+2}
rElec   +          Harm     .   R - +2 cloak {rF+}
rCorr   .          Rampage  +   k - +0 pair of gloves
Will    +....                   (boots unavailable)
Stlth   ..........              I - amulet of reflection
HPRegen 0.26/turn               b - ring of see invisible
MPRegen 0.00/turn               K - +4 ring of protection

@: gold aura, flying, studying 2 skills
A: sickness immunity, fire resistance 2, cold vulnerability 1, float, innate
caster, hp casting, extra vitality 1
a: Renounce Religion, Potion Petition, Call Merchant, Bribe Branch


You were on level 6 of the Lair of Beasts.
You worshipped Gozag.
Gozag was pleased with you.
You visited 3 branches of the dungeon, and saw 19 of its levels.
You visited the Abyss 1 time.
You also visited: Volcano.

You collected 3970 gold pieces.
You spent 388 gold pieces at shops.
You paid 2723 gold pieces to Gozag.

Inventory:

Hand Weapons
 c - the +0 staff of Battle (weapon)
   (You found it on level 10 of the Dungeon)

   It enhances your conjuration magic.
   It summons a battlesphere in combat, with strength depending on Conjurations
   skill.
   Its strikes trigger the battlesphere's blasts.
 v - a +1 falchion of freezing
 S - a +4 falchion of holy wrath
 U - the +6 quarterstaff of Doomed Exoneration {freeze, Dex+9}
   (You found it on level 6 of the Lair of Beasts)

   It freezes those it strikes, dealing additional cold damage.
   It can also slow down cold-blooded creatures.
   Dex:       It affects your dexterity (+9).
Missiles
 d - a throwing net
 f - 535 stones (quivered)
 p - 9 javelins
 r - 41 poisoned darts
Armour
 k - a +0 pair of gloves (worn)
 t - the +0 helmet of Fun and Games (worn) {Rampage Drain Int+2}
   (You bought it in a shop on level 10 of the Dungeon)

   Int:       It affects your intelligence (+2).
   Drain:     It drains your maximum health when unequipped.
   Rampage:   It bestows one free step when moving towards enemies.
 w - +4 storm dragon scales (worn)
 F - a +2 buckler (worn)
 R - a +2 cloak of fire resistance (worn)
Jewellery
 b - a ring of see invisible (left hand)
 g - a +6 ring of intelligence
 s - a ring of positive energy
 G - an amulet of the acrobat
 H - a ring of ice
 I - an amulet of reflection (around neck)
 K - a +4 ring of protection (right hand)
 N - the ring "Eseg" {Fire rN++ Will++ Dex-3}
   (You found it on level 2 of the Lair of Beasts)

   [ring of fire]

   It enhances your fire magic.
   Dex:       It affects your dexterity (-3).
   rF:        It protects you from fire.
   rC:        It makes you vulnerable to cold.
   rN:        It greatly protects you from negative energy.
   Will:      It greatly increases your willpower.
Wands
 z - a wand of acid (12)
 B - a wand of digging (4)
 J - a wand of polymorph (2)
 L - a wand of iceblast (30)
 O - a wand of paralysis (9)
 V - a wand of flame (20)
Scrolls
 e - 6 scrolls of magic mapping
 i - 2 scrolls of holy word {unknown}
 n - 7 scrolls of fear {unknown}
 o - 2 scrolls of blinking {unknown}
 q - a scroll of teleportation
 y - a scroll of fog
 M - a scroll of enchant weapon {unknown}
 P - a scroll of immolation
Potions
 a - 4 potions of heal wounds
 h - 9 potions of curing
 j - 2 potions of cancellation
 l - 5 potions of might
 m - 6 potions of brilliance {unknown}
 u - a potion of invisibility {unknown}
 x - 3 potions of mutation {unknown}
 A - a potion of attraction {unknown}
 C - 5 potions of haste {unknown}
 D - 2 potions of lignification {unknown}
 Q - a potion of magic {unknown}
 T - a potion of berserk rage {unknown}


   Skills:
 + Level 9.6 Fighting
 + Level 7.5 Long Blades
 + Level 5.2 Staves
 + Level 8.0 Throwing
 + Level 9.1 Armour
 + Level 10.8 Dodging
 + Level 10.8 Shields
 + Level 7.0 Spellcasting
 + Level 7.5 Evocations


You had 9 spell levels left.
You knew the following spells:

 Your Spells              Type           Power      Damage    Failure   Level
a - Pain                  Necr           76%        1d7       13%         1
b - Call Imp              Summ           19%        N/A       19%         2
c - Blink                 Tloc           N/A        N/A       19%         2
d - Ozocubu's Armour      Ice            19%        N/A       36%         3
e - Manifold Assault      Tloc           19%        N/A       98%         5
f - Freezing Cloud        Conj/Ice/Air   14%        6-21      98%         5
Your spell library was empty.

Dungeon Overview and Level Annotations

Branches:
Dungeon (12/15)            Temple (1/1) D:6            Lair (6/6) D:11
  Swamp (0/4) Lair:2        Snake (0/4) Lair:2        Slime (0/5) Lair:6
    Orc (0/2) D:12        Volcano (visited)

Altars:
Ashenzari
Cheibriados
Dithmenos
Elyvilon
Fedhas
Gozag
Hepliaklqana
Kikubaaqudgha
Makhleb
Nemelex Xobeh
Okawaru
Qazlal
Ru
Sif Muna
Trog
Uskayaw
Vehumet
Wu Jian
Xom
Yredelemnul
Zin
The Shining One
Jiyva

Shops:
D:8 (   D:10 [   Lair:1 (   Lair:5 [

Annotations:
Lair:2 barkas's ghost, journeyman NaCA
Lair:4 exclusion: 3 oklob plants


Innate Abilities, Weirdness & Mutations

You are immune to sickness and miasma.
You are immune to poison.
Your flesh is very heat resistant. (rF++)
You are vulnerable to cold. (rC-)
You float through the air rather than walking.
You learn spells naturally, not from books.
Your magical power is your life essence.
You have superior vitality. (+4 HP)


Message History

Your battlesphere is destroyed!
The spriggan rages.
You conjure a globe of magical energy.
The spriggan is distracted by your dazzling golden aura.
The blink frog blinks!
As you read the scroll of teleportation, it crumbles to dust.
You feel strangely unstable.
The blink frog blinks!
The blink frog blinks!
Your surroundings suddenly seem different.
You start resting.
You hear a shout! x5
A moth of wrath is nearby!
Your battlesphere wavers and loses cohesion.
Your +4 falchion of holy wrath softly glows with a divine radiance!
S - a +4 falchion of holy wrath (weapon)
You rampage towards the small abomination!
Found 13 gold pieces.
You hit the small abomination.
The small abomination convulses!
The small abomination is heavily damaged.
You block the small abomination's attack.
You hit the small abomination.
The small abomination convulses!
You destroy the small abomination!
Found 15 gold pieces.
You block the spriggan's attack.
You see here 14 gold pieces.
You slash the spriggan!
The spriggan is heavily wounded.
A sea snake comes into view.
The spriggan hits you but does no damage.
Space bends around you.
* * * LOW HITPOINT WARNING * * *
Your +4 falchion of holy wrath stops glowing.
c - the +0 staff of Battle (weapon)
You conjure a globe of magical energy.
You miss the spriggan.
The spriggan is heavily wounded.
The spriggan hits you with a +2 rapier of distortion.
* * * LOW HITPOINT WARNING * * *
Space warps horribly around you!!
You die...
Your body crumbles into a pile of gold.

............♣♣♣ $ ♣....F♣
..............♣ ♣♣....♣
..............♣ ♣♣...♣♣
..............♣ ♣....♣
.............♣♣ ♣...♣♣
.............♣ ♣♣♣ $ ♣♣.§.♣
.............♣ ♣.♣♣ ♣..y♣♣
.............♣♣♣..♣♣♣♣♣♣..♣♣
.............♣♣.@*..$♣♣...♣
.....[.......♣♣.i...♣♣..i♣♣
.............♣♣♣.♣.$♣♣..♣♣
............♣♣ ♣.♣♣♣♣♣..♣♣
...........♣♣ ♣.S♣♣♣....♣
♣♣♣ ...........♣
♣♣.♣♣.....♣♣ ..♣
....<......♣ ♣.....♣♣..♣♣.♣
...........♣ ♣....♣♣♣♣....♣
...........♣ ♣...♣♣ ♣....♣♣


You could see a sea snake, a spriggan and a friendly battlesphere.

Vanquished Creatures
  Gastronok (Lair:2)
  A boulder beetle (D:6)
  10 hydras
  4 two-headed ogres
  An ogre mage (Volcano)
  A centaur warrior (D:9)
  A wolf spider (shapeshifter) (Lair:6)
  3 cyclopes (D:11)
  An ugly thing (Lair:6)
  A will-o-the-wisp (Lair:2)
  A manticore (D:9)
  4 black mambas
  2 molten gargoyles (Volcano)
  3 rime drakes
  13 cane toads
  An unseen horror (D:11)
  3 tengu conjurers
  7 komodo dragons
  2 trolls
  A hornet (D:7)
  4 polar bears
  A slime creature (D:9)
  32 blink frogs
  5 dream sheep (Lair:6)
  36 yaks
  2 fire bats (Volcano)
  A spriggan (Lair:6)
  7 basilisks
  4 wyverns
  2 chaos spawn (Lair:6)
  A steam dragon (D:6)
  3 nagas (Lair:2)
  An acid dragon (D:9)
  10 water moccasins
  3 black bears
  A hornet zombie (D:9)
  3 orc warriors
  An ogre (D:7)
  2 centaurs
  5 wolves (Lair:3)
  A kobold brigand (D:9)
  15 bullfrogs
  2 gnoll sergeants
  A scorpion (D:5)
  A wyvern skeleton (D:6)
  2 killer bees
  4 wights
  9 small abominations (Lair:6)
  A howler monkey (D:9)
  8 lava snakes (Volcano)
  3 centaur zombies
  4 orc priests
  Crazy Yiuf (D:2)
  5 hounds
  2 centaur skeletons (D:7)
  5 jellies
  2 bullfrog skeletons (D:6)
  2 iguanas (D:5)
  6 orc wizards
  A hound skeleton (D:5)
  2 howler monkey zombies
  5 gnolls (D:8)
  5 adders
  A shadow imp (D:7)
  A worm (D:4)
  A dart slug (D:3)
  22 orcs
  8 bats
  7 endoplasms
  3 giant cockroaches
  7 hobgoblins
  2 jackals (D:3)
  11 kobolds
  8 quokkas
  8 ball pythons
  A frilled lizard (D:2)
  6 goblins
  3 rats
361 creatures vanquished.

Vanquished Creatures (collateral kills)
  A hydra (Lair:1)
  3 wolves (Lair:1)
4 creatures vanquished.

Vanquished Creatures (others)
  Nessos (Lair:6)
  A minotaur (Volcano)
  2 two-headed ogres (Volcano)
  8 foxfires (Lair:2)
  59 fungi
  125 plants
196 creatures vanquished.

Grand Total: 561 creatures vanquished

Notes
Turn   | Place    | Note
-------+----------+-------------------------------------------
     0 | D:1      | siradein the Djinni Gladiator began the quest for the Orb.
     0 | D:1      | Reached XP level 1. HP: 18/18 MP: 0/0
    82 | D:1      | Reached XP level 2. HP: 23/23 MP: 0/0
   587 | D:1      | Reached XP level 3. HP: 12/29 MP: 0/0
   587 | D:1      | Learned a level 1 spell: Pain
  1590 | D:2      | Found a faded altar of an unknown god.
  1730 | D:2      | Reached XP level 4. HP: 34/34 MP: 0/0
  1889 | D:2      | Found a runed translucent door.
  1890 | D:2      | Noticed Crazy Yiuf
  2223 | D:3      | You are sucked into a shaft and drop 1 floor!
  2656 | D:4      | Reached XP level 5. HP: 40/40 MP: 0/0
  2656 | D:4      | Learned a level 2 spell: Call Imp
  2738 | D:4      | Reached skill level 1 in Armour
  2907 | D:4      | Reached skill level 1 in Spellcasting
  3127 | D:4      | Reached XP level 6. HP: 42/46 MP: 0/0
  3432 | D:5      | Entered Level 5 of the Dungeon
  3950 | D:5      | Reached XP level 7. HP: 37/50 MP: 0/0
  3950 | D:5      | Learned a level 2 spell: Blink
  4523 | D:6      | Noticed a steam dragon
  4867 | D:6      | Noticed a water moccasin
  4884 | D:6      | Killed a water moccasin
  5034 | D:6      | Killed a steam dragon
  5035 | D:6      | Reached skill level 5 in Dodging
  5035 | D:6      | Reached XP level 8. HP: 46/58 MP: 0/0
  5210 | D:6      | Found a bloodstained altar of Trog.
  5237 | D:6      | Found a staircase to the Ecumenical Temple.
  5249 | Temple   | Entered the Ecumenical Temple
  5450 | Temple   | Became a worshipper of Gozag Ym Sagoz the Greedy
  6053 | D:6      | Noticed a boulder beetle
  6071 | D:6      | Killed a boulder beetle
  6072 | D:6      | Reached skill level 5 in Fighting
  6072 | D:6      | Reached XP level 9. HP: 65/65 MP: 0/0
  6072 | D:6      | Learned a level 3 spell: Ozocubu's Armour
  6314 | D:7      | Reached skill level 5 in Long Blades
  6616 | D:7      | Found a sacrificial altar of Ru.
  7067 | D:2      | Killed Crazy Yiuf
  7446 | D:7      | Noticed a hornet
  7462 | D:7      | Killed a hornet
  7667 | D:7      | Found a hide-covered altar of Uskayaw.
  7736 | D:7      | Found a shimmering altar of Xom.
  7750 | D:7      | Found a burning altar of Makhleb.
  8689 | D:8      | Reached XP level 10. HP: 71/71 MP: 0/0
  8714 | D:8      | Found Uzaqoz's Weapon Shoppe.
  8755 | D:8      | Found a white marble altar of Elyvilon.
  8904 | D:8      | Reached skill level 1 in Shields
  8978 | D:8      | HP: 3/72 [basilisk (4)]
  9023 | D:8      | Reached skill level 5 in Armour
  9474 | D:8      | Reached skill level 1 in Evocations
  9576 | D:9      | Noticed a two-headed ogre
  9659 | D:8      | Killed a two-headed ogre
  9660 | D:8      | Reached skill level 5 in Throwing
  9861 | D:9      | Noticed a centaur warrior
 10223 | D:9      | Noticed a manticore
 10261 | D:9      | Killed a manticore
 10908 | D:9      | Killed a centaur warrior
 11656 | D:9      | Reached XP level 11. HP: 78/78 MP: 0/0
 11656 | D:9      | Learned a level 5 spell: Manifold Assault
 11686 | D:10     | Entered Level 10 of the Dungeon
 13353 | D:10     | Reached skill level 5 in Shields
 13439 | D:10     | Bought a brightly glowing helmet for 190 gold pieces
 13439 | D:10     | Identified the +0 helmet of Fun and Games {Rampage Drain
                  | Int+2} (You bought it in a shop on level 10 of the Dungeon)
 13847 | D:10     | Found the +0 staff of Battle
 14577 | D:11     | Noticed a two-headed ogre
 14599 | D:11     | Killed a two-headed ogre
 14922 | D:11     | Noticed a cyclops
 14957 | D:11     | Killed a cyclops
 15098 | D:11     | You are sucked into a shaft and drop 1 floor!
 15130 | D:11     | Noticed a cyclops
 15137 | D:11     | Killed a cyclops
 15138 | D:11     | Reached skill level 1 in Staves
 15551 | D:11     | Noticed a cyclops
 15569 | D:11     | Killed a cyclops
 15570 | D:11     | Reached skill level 5 in Spellcasting
 15662 | D:11     | Found a staircase to the Lair.
 15835 | D:11     | Noticed a six-headed hydra
 15848 | D:11     | Killed a six-headed hydra
 16672 | Lair:1   | Entered Level 1 of the Lair of Beasts
 16674 | Lair:1   | Noticed a five-headed hydra
 16732 | Lair:1   | Killed a five-headed hydra
 16733 | Lair:1   | Reached XP level 12. HP: 22/85 MP: 0/0
 17156 | Lair:1   | Found a dark tunnel.
 17188 | Lair:1   | Noticed an eight-headed hydra
 17215 | Volcano  | Entered a volcano
 17652 | Volcano  | Noticed a two-headed ogre
 17652 | Volcano  | Noticed a two-headed ogre
 17652 | Volcano  | Noticed an ogre mage
 17652 | Volcano  | Noticed a two-headed ogre
 17756 | Volcano  | Killed an ogre mage
 17789 | Volcano  | Killed a two-headed ogre
 17816 | Volcano  | Killed a two-headed ogre
 17818 | Volcano  | Killed a two-headed ogre
 18048 | Volcano  | Noticed a two-headed ogre
 18117 | Volcano  | Killed a two-headed ogre
 18118 | Volcano  | Reached skill level 5 in Evocations
 18499 | Volcano  | Noticed a red draconian
 19520 | Volcano  | Noticed a minotaur
 19520 | Volcano  | a red draconian changed into a minotaur
 19525 | Volcano  | Killed a minotaur
 20112 | Lair:1   | Killed a nine-headed hydra
 21472 | Lair:2   | Noticed Gastronok
 21704 | Lair:2   | Reached XP level 13. HP: 66/92 MP: 0/0
 21704 | Lair:2   | Learned a level 5 spell: Freezing Cloud
 22633 | Lair:2   | Identified the ring "Eseg" {Fire rN++ Will++ Dex-3}
 22851 | Lair:2   | Found a staircase to the Swamp.
 23065 | Lair:2   | Found a runed translucent door.
 23103 | Lair:2   | Noticed barkas's ghost (journeyman NaCA)
 23103 | Lair:2   | Noticed an eight-headed hydra
 23114 | Lair:2   | Killed an eight-headed hydra
 23455 | Lair:2   | Found a staircase to the Snake Pit.
 23749 | Lair:2   | Killed Gastronok
 23868 | Lair:3   | Noticed a five-headed hydra
 24143 | Lair:2   | Killed a five-headed hydra
 24355 | Lair:3   | Noticed an eight-headed hydra
 25171 | Lair:2   | Identified the +4 quarterstaff of Resumed Hostilities
                  | {freeze, *Slow rF+++ rN+ Dex+3}
 25259 | Lair:3   | HP: 4/93 [eight-headed hydra (2)]
 25260 | Lair:3   | Killed an eight-headed hydra
 25668 | Lair:1   | Bought a glowing falchion for 198 gold pieces
 26470 | Lair:3   | Reached skill level 10 in Dodging
 27199 | Lair:4   | Found the +2 robe of Vines {NoPotionHeal Regen+++}
 27927 | Lair:4   | Noticed a five-headed hydra
 27944 | Lair:4   | Killed a five-headed hydra
 28320 | Lair:4   | Noticed a five-headed hydra
 28334 | Lair:4   | Killed a five-headed hydra
 28858 | Lair:4   | Reached XP level 14. HP: 71/99 MP: 0/0
 30222 | Lair:5   | Reached skill level 10 in Shields
 31962 | Lair:6   | Entered Level 6 of the Lair of Beasts
 31977 | Lair:6   | Identified the +6 quarterstaff of Doomed Exoneration
                  | {freeze, Dex+9}
 32145 | Lair:6   | Noticed Nessos
 32478 | Lair:6   | Killed Nessos
 32621 | Lair:6   | Found a viscous altar of Jiyva.
 32621 | Lair:6   | Found a staircase to the Slime Pits.
 33437 | Lair:6   | Reached skill level 5 in Staves
 35484 | Lair:6   | Cast into level 2 of the Abyss (spriggan)
 35519 | Lair:6   | Escaped the Abyss
 35982 | Lair:6   | Slain by a spriggan

Illustrated notes

Levels and vault maps discovered:
D:1:      erik_arrival_blinker_ship, layout_basic, grunt_decor_resistance
D:2:      layout_loops_ring, ebering_ecumenical_altar_box,
          uniq_crazy_yiuf_cottage
D:3:      layout_rooms
D:4:      layout_rooms, minmay_cut_off
D:5:      layout_cave_pools, dk_noncrumbling_3, kennysheep_opposing_triangles
D:6:      minmay_angry_zag, layout_basic, mainiacjoe_overflow_tiny_flanked,
          minmay_temple_entry_trees, hex_medium, minmay_manual_macuahuitl
D:7:      layout_cave_pods, nicolae_uskayaw_dance_hall, nicolae_ru_awakened_eye,
          overflow_temple_1_default, bloody_makhleb
D:8:      layout_rooms, elyvilon_altar_1, serial_shops, shop
D:9:      layout_basic, hangedman_decor_peaks_small,
          hangedman_abyss_or_decor_stagger, minmay_variable_closet,
          minmay_misc_feat_four_crosses, minmay_pinched_square
D:10:     layout_long_grid, hellmonk_guarded_unrand_staff_of_battle
D:11:     layout_gridville, lair_entry_dummy
D:12:     layout_loops_ring, orc_david_3, enter_bailey_3, serial_shops,
          nicolae_shop_stone, nicolae_take_the_stairs
Temple:   eino_temple_rhombus
Lair:1:   layout_chaotic_city, nicolae_volcano_entry_two_sided, minmay_holes,
          nicolae_lair_grove_arrangements, serial_bayou_crossing
Lair:2:   layout_chaotic_city, minmay_swamp_entry_wisps,
          guppyfry_snake_entry_garden, serial_bayou, serial_bayou_lagoon_b,
          serial_bayou_shore_b, serial_bayou_lake_a, serial_bayou_pond_d,
          ebering_ghost_inner_flame, serial_bayou_shore_b, uniq_gastronok
Lair:3:   layout_regular_city, infiniplex_staircase_pool
Lair:4:   layout_regular_city, hellmonk_guarded_unrand_vines, lemuel_fruit_tree
Lair:5:   layout_layer_cave, chequers_serial_rivers_micro_e, serial_bayou_pond_a
Lair:6:   hellmonk_lair_end_abyssal_woods, layout_regular_city, slime_altar_1,
          wad_woods_road_02, uniq_nessos

Skill      XL: |  1  2  3  4  5  6  7  8  9 10 11 12 13 14 |
---------------+-------------------------------------------+-----
Long Blades    | 3 4 5 6 7 |  7.5
Throwing       | 2 3 4 5 6 7 8 |  8.0
Dodging        | 4 5 6 7 8 9 10 | 10.8
Armour         | 1 2 4 5 6 7 8 9 |  9.1
Fighting       | 3 4 5 6 7 8 9 |  9.6
Spellcasting   | 1 2 3 4 5 6 7 |  7.0
Shields        | 4 6 8 9 10 | 10.8
Evocations     | 2 4 5 6 7 |  7.5
Staves         | 1 3 4 5 |  5.2

Action                   |  1- 3 |  4- 6 |  7- 9 | 10-12 | 13-15 || total
-------------------------+-------+-------+-------+-------+-------++-------
Melee: Long sword        |   111 |   143 |    29 |       |       ||   283
       Falchion          |       |       |   215 |   389 |   874 ||  1478
       Staff             |       |       |       |   429 |   540 ||   969
       Quarterstaff      |       |       |       |       |    64 ||    64
Throw: Throwing net      |     1 |       |     1 |       |       ||     2
       Stone             |       |    19 |    39 |   333 |    63 ||   454
       Dart              |       |       |    26 |    33 |    26 ||    85
Invok: Call Merchant     |       |       |       |     2 |     1 ||     3
Evoke: Wand              |       |       |       |    13 |     1 ||    14
  Use: Scroll            |       |     6 |     3 |     8 |     7 ||    24
       Potion            |       |       |       |     3 |     1 ||     4
 Stab: Sleeping          |     2 |     1 |       |       |       ||     3
       Distracted        |       |       |       |     1 |     5 ||     6
Armor: Leather armour    |    44 |    26 |       |       |       ||    70
       Storm dragon scal |       |    67 |   208 |   550 |   749 ||  1574
       Chain mail        |       |       |       |     1 |       ||     1
Dodge: Dodged            |   117 |    89 |   102 |   448 |   634 ||  1390
Block: Buckler           |       |       |     5 |   532 |  1115 ||  1652
       Reflection        |       |       |       |     7 |     7 ||    14
       Other             |       |       |       |       |    20 ||    20

Table legend: (Time is in decaauts)
 A = Elapsed time spent in this place.
 B = Non-inter-level travel time spent in this place.
 C = Inter-level travel time spent in this place.
 D = Time resting spent in this place.
 E = Time spent auto-exploring this place.
 F = Levels seen in this place.
 G = Mean time per level.
                   A        B        C        D        E       F      G
               +--------+--------+--------+--------+--------+-----+--------+
         Total |  35989 |  34887 |   1102 |   5335 |  21523 |  21 | 1713.8 |
       Dungeon |  16575 |  15784 |    791 |   2195 |  10524 |  12 | 1381.2 |
        Temple |    211 |    201 |     10 |      0 |    162 |   1 |  211.0 |
          Lair |  16833 |  16533 |    300 |   2567 |   9926 |   6 | 2805.5 |
         Abyss |     34 |     34 |      0 |      0 |      0 |   1 |   34.0 |
       Volcano |   2334 |   2334 |      0 |    572 |    911 |   1 | 2334.0 |
               +--------+--------+--------+--------+--------+-----+--------+

Top non-repeatable levels by time:
  Lair:6: 3530 daAuts
  Lair:1: 3433 daAuts
  Lair:2: 3160 daAuts
  Lair:4: 2503 daAuts
  Lair:5: 2497 daAuts
     D:9: 2426 daAuts
 Volcano: 2334 daAuts
    D:11: 1933 daAuts
    D:10: 1913 daAuts
     D:8: 1756 daAuts
  Lair:3: 1708 daAuts
     D:7: 1593 daAuts
     D:5: 1475 daAuts
     D:6: 1453 daAuts
     D:1: 1312 daAuts
